 Dungeon Crawl Stone Soup version 0.29-a0-923-g6e406bff71 (webtiles) character file.

Game seed: 17669503068104427084

55 pokeman the Magician (level 3, -2/20 HPs)
             Began as a Deep Elf Hedge Wizard on July 27, 2022.
             Slain by Natasha (8 damage)
             ... on level 3 of the Dungeon.
             The game lasted 00:02:37 (1721 turns).

pokeman the Magician (Deep Elf Hedge Wizard)        Turns: 1721, Time: 00:02:38

Health: -2/20      AC:  3    Str:  7    XL:     3   Next: 67%
Magic:  1/11       EV: 12    Int: 20    God:
Gold:   166        SH:  0    Dex: 14    Spells: 1/12 levels left

rFire   . . .      SeeInvis .   k - staff of air
rCold   . . .      Faith    .   (no shield)
rNeg    . . .      Spirit   .   b - +0 robe
rPois   .          Reflect  .   c - +0 hat
rElec   +          Harm     .   (no cloak)
rCorr   .          Rampage  .   (no gloves)
Will    .....                   m - +0 pair of boots
Stlth   ++........              (no amulet)
HPRegen 0.06/turn               (no ring)
MPRegen 0.12/turn               (no ring)

@: no status effects
A: no striking features
a: no special abilities


You were on level 3 of the Dungeon.
You visited 1 branch of the dungeon, and saw 3 of its levels.

You collected 166 gold pieces.

Inventory:

Hand Weapons
 l - a +0 sling
Armour
 b - a +0 robe (worn)
 c - a +0 hat (worn)
 m - a +0 pair of boots (worn)
Magical Staves
 k - a staff of air (weapon)
Scrolls
 e - 3 scrolls of poison {unknown}
 g - 2 scrolls of identify {unknown}
 h - 2 scrolls of amnesia {unknown}
 i - 2 scrolls of enchant armour {unknown}
 j - a scroll of blinking {unknown}
 n - a scroll of fog {unknown}
Potions
 a - 2 potions of attraction {unknown}
 d - 3 potions of magic
 f - 5 potions of curing {unknown}
 o - a potion of invisibility {unknown}


   Skills:
 - Level 1.0 Fighting
 - Level 1.0 Armour
 + Level 2.4 Dodging
 + Level 2.4 Stealth
 * Level 5.3 Spellcasting
 + Level 2.1 Conjurations
 - Level 1.1 Summonings
 - Level 1.1 Translocations


You had one spell level left.
You knew the following spells:

 Your Spells              Type           Power      Damage    Failure   Level
a - Magic Dart            Conj           52%        1d5       4%          1
b - Mephitic Cloud        Conj/Pois/Air  12%        N/A       26%         3
c - Call Imp              Summ           9%         N/A       11%         2
d - Blink                 Tloc           18%        N/A       11%         2
e - Conjure Flame         Conj/Fire      9%         6-21      22%         3

Your spell library contained the following spells:

 Spells                   Type           Power      Damage    Failure   Level
 Slow                     Hex            20%        N/A       12%         1
 Confusing Touch          Hex            5%         N/A       34%         3
 Alistair's Intoxication  Tmut/Pois      3%         N/A       97%         5
 Borgnjor's Vile Clutch   Necr/Erth      2%         N/A       97%         5
 Yara's Violent Unravell  Hex/Tmut       2%         3d3       97%         5
 Eringya's Noxious Bog    Tmut/Pois      2%         N/A       100%        6
 Enfeeble                 Hex            2%         N/A       100%        7


Dungeon Overview and Level Annotations

Branches:
Dungeon (3/15)

Altars:

Annotations:
D:1 Gold behind rock
D:3 Natasha


Message History

Confirm with . or Enter, or press ? or * to list all spells.
Aiming: Magic Dart (safe; 4% risk of failure)
Press: ? - help, Shift-Dir - straight line, f/p - Natasha
Aim: Natasha (lightly wounded, confused, 100% to hit)
The magic dart hits Natasha.
Natasha is lightly wounded.
Casting: Magic Dart (safe; 4% risk of failure)
Confirm with . or Enter, or press ? or * to list all spells.
Aiming: Magic Dart (safe; 4% risk of failure)
Press: ? - help, Shift-Dir - straight line, f/p - Natasha
Aim: Natasha (lightly wounded, confused, 100% to hit)
The magic dart hits Natasha.
Natasha is heavily wounded.
Casting: Magic Dart (safe; 4% risk of failure)
Confirm with . or Enter, or press ? or * to list all spells.
Aiming: Magic Dart (safe; 4% risk of failure)
Press: ? - help, Shift-Dir - straight line, f/p - Natasha
Aim: Natasha (heavily wounded, confused, 100% to hit)
The magic dart hits Natasha.
Natasha is heavily wounded.
A quokka comes into view.
Found a stone staircase leading down.
Your magical contamination has completely faded away.
You hit Natasha.
Natasha is heavily wounded.
You hit Natasha.
Natasha is severely wounded.
Natasha barely misses you.
You strike the helpless Natasha from behind!
You hit Natasha but do no damage. You punch Natasha.
Natasha is severely wounded.
The quokka bites you. Natasha claws you! The quokka closely misses you.
You barely miss Natasha.
Natasha is severely wounded.
The quokka barely misses you. Natasha claws you.
* * * LOW HITPOINT WARNING * * *
You hit Natasha but do no damage.
Natasha is severely wounded.
The quokka misses you. Natasha claws you!
You die...

. #. .. # ..
...#.
#.....#######
#.....r@<...#
#.....h(###.#
#......## #
#......
......>
#..#### #..
#.


You could see Natasha (confused) and a quokka.

Vanquished Creatures
  2 adders
  A dart slug (D:1)
  5 endoplasms (D:2)
  2 goblins (D:2)
  5 hobgoblins
  2 quokkas
  A ball python (D:1)
  7 bats
  4 frilled lizards
  4 kobolds
  A rat (D:1)
34 creatures vanquished.

Notes
Turn   | Place    | Note
-------+----------+-------------------------------------------
     0 | D:1      | pokeman the Deep Elf Hedge Wizard began the quest for the
                  | Orb.
     0 | D:1      | Reached XP level 1. HP: 10/10 MP: 7/7
   302 | D:1      | Reached XP level 2. HP: 15/15 MP: 6/9
   952 | D:2      | Reached skill level 5 in Spellcasting
  1180 | D:2      | Reached XP level 3. HP: 20/20 MP: 8/11
  1184 | D:2      | Learned a level 3 spell: Mephitic Cloud
  1187 | D:2      | Learned a level 2 spell: Call Imp
  1190 | D:2      | Learned a level 2 spell: Blink
  1194 | D:2      | Learned a level 3 spell: Conjure Flame
  1329 | D:2      | Found a faded altar of an unknown god.
  1703 | D:3      | Noticed Natasha
  1712 | D:3      | Reached skill level 1 in Fighting
  1712 | D:3      | Reached skill level 1 in Armour
  1721 | D:3      | Slain by Natasha

Illustrated notes

Levels and vault maps discovered:
D:1:      minmay_arrival_shoal_huts, layout_basic, item_on_display_a
D:2:      layout_rooms, shapermc_ecumenical_altar_starsandcircs
D:3:      cheibrodos_old_hovel, layout_loops_ring,
          pdpol_wu_jian_five_deadly_venoms,
          nicolae_uskayaw_murder_on_the_dancefloor, lemuel_blue_sif_altar,
          amcnicky_mini_corridor_feature, uniq_natasha

Skill      XL: |  1  2  3 |
---------------+----------+-----
Spellcasting   | 5 |  5.3
Conjurations   | 2 |  2.1
Fighting       | 1 |  1.0
Armour         | 1 |  1.0
Dodging        | |  2.4
Stealth        | |  2.4
Summonings     | |  1.1
Translocations | |  1.1

Action                   || total
-------------------------++-------
Melee: Staff             ||    16
       Punch             ||     1
 Cast: Magic Dart        ||    84
       Conjure Flame     ||     1
       Mephitic Cloud    ||     1
 Stab: Confused          ||     1
Armor: Robe              ||     4
Dodge: Dodged            ||    22

Table legend: (Time is in decaauts)
 A = Elapsed time spent in this place.
 B = Non-inter-level travel time spent in this place.
 C = Inter-level travel time spent in this place.
 D = Time resting spent in this place.
 E = Time spent auto-exploring this place.
 F = Levels seen in this place.
 G = Mean time per level.
                   A        B        C        D        E       F      G
               +--------+--------+--------+--------+--------+-----+--------+
         Total |   1724 |   1629 |     95 |      0 |   1389 |   3 |  574.7 |
       Dungeon |   1724 |   1629 |     95 |      0 |   1389 |   3 |  574.7 |
               +--------+--------+--------+--------+--------+-----+--------+

Top non-repeatable levels by time:
     D:2: 909 daAuts
     D:1: 796 daAuts
     D:3: 18 daAuts
